 Dungeon Crawl Stone Soup version 0.18-a0-1088-g34ef3a2 (webtiles) character file.

58 namelastname112 the Skirmisher (level 3, -1/33 HPs)
             Began as a Draconian Wizard on Jan 15, 2016.
             Slain by Terence
             ... wielding a +0 falchion
              (6 damage)
             ... on level 2 of the Dungeon.
             The game lasted 00:03:08 (2110 turns).

namelastname112 the Skirmisher (Draconian Wizard)   Turns: 2110, Time: 00:03:08

Health: -1/33      AC:  5    Str:  9    XL:     3   Next: 75%
Magic:  7/7        EV: 12    Int: 18    God:
Gold:   50         SH:  0    Dex: 10    Spells: 1 memorised, 7 levels left

rFire  . . .     SeeInvis .     (no weapon)
rCold  . . .     Gourm    .     (armour unavailable)
rNeg   . . .     Faith    .     (no shield)
rPois  .         Spirit   .     a - +0 hat
rElec  .         Dismiss  .     (no cloak)
rCorr  .         Reflect  .     (no gloves)
SustAt .         Harm     .     (no boots)
MR     .....                    (no amulet)
Stlth  ++........               (no ring)
                                m - ring of wizardry

@: not resistant to hostile enchantments, unstealthy
A: unfitting armour, cold-blooded, AC +5
a: no special abilities


You were on level 2 of the Dungeon.
You were hungry.

You visited 1 branch of the dungeon, and saw 2 of its levels.

You collected 50 gold pieces.

Inventory:

Armour
 a - a +0 hat (worn)
Jewellery
 m - a ring of wizardry (left hand)
Scrolls
 d - 2 scrolls of amnesia
 e - 2 scrolls of identify {unknown}
 f - 2 scrolls of remove curse {unknown}
 h - a scroll of random uselessness {unknown}
 i - a scroll of teleportation {unknown}
 k - a scroll of immolation {unknown}
 n - a scroll of enchant weapon {unknown}
 o - a scroll of magic mapping {unknown}
Books
 b - a book of Minor Magic

   Spells                             Type                      Level
   a - Magic Dart                     Conjuration                  1
   b - Blink                          Translocation                2
   c - Call Imp                       Summoning                    2
   d - Repel Missiles                 Charms/Air                   2
   e - Slow                           Hexes                        2
   f - Conjure Flame                  Conjuration/Fire             3
   g - Mephitic Cloud                 Conjuration/Poison/Air       3
Comestibles
 c - a bread ration
 l - a meat ration


   Skills:
 + Level 3.8 Fighting
 - Level 1.7 Dodging
 - Level 1.7 Stealth
 - Level 3.0 Spellcasting
 - Level 1.0 Conjurations
   Level 1.0 Summonings
   Level 1.0 Translocations


You had 7 spell levels left.
You knew the following spells:

 Your Spells              Type           Power        Failure   Level  Hunger
z - Magic Dart            Conj           #...         4%          1    None


Dungeon Overview and Level Annotations

Branches:
Dungeon (2/15)

Altars:

Annotations:
D:2 Terence


Innate Abilities, Weirdness & Mutations

Your plain brown scales are hard (AC +5).
Your body does not fit into most forms of armour.
You are cold-blooded and may be slowed by cold attacks.


Message History

You tail-slap the ooze, but do no damage.
The ooze hits you. Terence hits you but does no damage.
You hit the ooze.
The ooze is lightly wounded.
The ooze misses you.
You hit the ooze but do no damage.
The ooze is lightly wounded.
Terence screams, "I'm going to kill you!"
Terence hits you with a falchion.
* * * LOW HITPOINT WARNING * * *
The ooze hits you but does no damage.
You aren't carrying any potions.
Read which item? (? for menu, Esc to quit)
As you read the scroll labeled KANOOS LUISCH, it crumbles to dust.
It is a scroll of amnesia.
Forget which spell ([?*] list [ESC] exit)?
Forget which spell ([?*] list [ESC] exit)?
Okay, then.
Terence hits you with a falchion.
You die...

#.##.#...(.....................
.......####............####......
..###.............###.. #...###..
.................................
.................................
#...##.##.####........###...####.
#....................# ###.. ..
###........#.###################
#..........#..J@@...............
##....##....#.####.####.####.####
#.†.#...#...#.#..'.+..#.#..'.'..#
...####.....#.#..#.#..#.#..#.#).#
..# #..#..#.#+##.#'##.#+##.#+##
.. .(##..#....[............... .
..#.#+##.#'##.#+##.#'## . #.#
#.#..#.# #.#..# #.# #.#†.+.+
#.#..'


You could see Terence and an ooze.

Vanquished Creatures
  An adder (D:2)
  2 giant geckos
  5 goblins
  10 hobgoblins
  4 jackals (D:1)
  4 quokkas (D:2)
  3 bats (D:1)
  3 giant newts (D:1)
  4 kobolds
  5 rats
41 creatures vanquished.

Notes
Turn   | Place    | Note
--------------------------------------------------------------
     0 | D:1      | namelastname112 the Draconian Wizard began the quest for the Orb.
     0 | D:1      | Reached XP level 1. HP: 14/14 MP: 4/4
    86 | D:1      | Reached skill level 1 in Fighting
   364 | D:1      | Reached XP level 2. HP: 12/24 MP: 0/6
  1014 | D:1      | HP: 1/25 [hobgoblin/club (1)]
  1427 | D:1      | Reached XP level 3. HP: 24/30 MP: 5/7
  2018 | D:2      | Noticed Terence
  2110 | D:2      | Slain by Terence

Vault maps used:
D:1:      dpeg_arrival_brainrot
D:2:      minmay_door_path, ecumenical_altar_2, minmay_misc_feat_diagonals,
          uniq_terence

Action                   || total
-------------------------++-------
Melee: Unarmed           ||   151
 Cast: Magic Dart        ||    88
  Use: Potion            ||     2
       Scroll            ||     1
 Stab: Sleeping          ||     2
  Eat: Chunk             ||     3
